 Dungeon Crawl Stone Soup version 0.22-a0-429-g97ce8ef (webtiles) character file.

187 Jynxie the Insei (level 5, 0/42 HPs)
             Began as a Demigod Transmuter on May 25, 2018.
             Slain by a worker ant (6 damage)
             ... on level 4 of the Dungeon.
             The game lasted 00:16:05 (4680 turns).

Jynxie the Insei (Demigod Transmuter)               Turns: 4680, Time: 00:16:06

Health: 0/42       AC:  3    Str: 13    XL:     5   Next: 15%
Magic:  10/10      EV: 12    Int: 19    God:
Gold:   140        SH:  0    Dex: 16    Spells: 1/7 levels left

rFire    . . .     SeeInvis .     - Unarmed
rCold    . . .     Gourm    .   (no shield)
rNeg     . . .     Faith    .   c - +0 leather armour
rPois    .         Spirit   .   (no helmet)
rElec    .         Reflect  .   (no cloak)
rCorr    .         Harm     .   (no gloves)
MR       .....                  (no boots)
Stlth    +.........             (no amulet)
HPRegen  0.14/turn              (no ring)
MPRegen  0.12/turn              (no ring)

@: lethally poisoned (0 -> -10)
A: high mp 1
a: no special abilities


You were on level 4 of the Dungeon.
You were not hungry.

You visited 1 branch of the dungeon, and saw 4 of its levels.

You collected 140 gold pieces.

Inventory:

Missiles
 a - 8 arrows
Armour
 c - a +0 leather armour (worn)
   (You found it on level 1 of the Dungeon)
Scrolls
 b - a scroll of fear {unknown}
 d - a scroll of remove curse {unknown}
 f - a scroll of teleportation {@r4}
 g - a scroll of fog {unknown}
 i - a scroll of enchant weapon {unknown}
 j - 2 scrolls of identify {unknown}
 l - a scroll of amnesia {unknown}
 m - a scroll of noise {unknown}
 n - a scroll of enchant armour {unknown}
Potions
 h - 3 potions of lignification {unknown}
 k - a potion of degeneration {unknown}
 o - a potion of agility {unknown}
Comestibles
 e - 5 rations {!d}


   Skills:
 + Level 2.4 Fighting
 - Level 1.7 Dodging
 * Level 4.4 Unarmed Combat
 - Level 1.7 Spellcasting
 + Level 3.0 Transmutations


You had one spell level left.
You knew the following spells:

 Your Spells              Type           Power        Failure   Level  Hunger
a - Beastly Appendage     Tmut           ##....       6%          1    #......
b - Sticks to Snakes      Tmut           ##......     10%         2    ###....
x - Spider Form           Tmut/Pois      #.........   34%         3    ###....

Your spell library contained the following spells:

 Spells                   Type           Power        Failure   Level  Hunger
 Blade Hands              Tmut           ##........   87%         5    ######.
 Ice Form                 Ice/Tmut       #.......     75%         4    #####..


Dungeon Overview and Level Annotations

Branches:
Dungeon (4/15)
 Temple: D:4-7

Annotations:
D:3 exclusion: oklob plant


Innate Abilities, Weirdness & Mutations

You have an increased reservoir of magic. (+10% MP)


Message History

p - a chunk of flesh Eating a chunk of flesh.
You eat the chunk of flesh.
A worker ant comes into view.
A worker ant is nearby!
Your transformation has ended.
Your +0 leather armour unmelds from your body.
The worker ant twitches its antennae in your direction.
The worker ant misses you.
Found a robe.
You hit the worker ant. The worker ant bites you!
You hit the worker ant.
The worker ant bites you but does no damage.
Your leather armour prevents you from hitting the worker ant.
The worker ant bites you but does no damage.
You hit the worker ant. The worker ant closely misses you.
You closely miss the worker ant. The worker ant barely misses you.
You hit the worker ant. The worker ant misses you.
You closely miss the worker ant. The worker ant barely misses you.
You closely miss the worker ant. The worker ant closely misses you.
You closely miss the worker ant. The worker ant bites you!
The worker ant bites you.
You are poisoned.
The worker ant poisons you!
You hit the worker ant.
You feel sick. The worker ant barely misses you.
You closely miss the worker ant.
You feel sick. The worker ant bites you.
* * * LOW HITPOINT WARNING * * *
You are more poisoned.
The worker ant poisons you!
You are too injured to fight recklessly!
You are too injured to fight recklessly!
You are too injured to fight recklessly!
You are too injured to fight recklessly!
Unknown command.
You closely miss the worker ant.
You feel sick. The worker ant bites you.
* * * LOW HITPOINT WARNING * * *
You hit the worker ant but do no damage.
* * * LOW HITPOINT WARNING * * *
You feel sick. The worker ant bites you.
* * * LOW HITPOINT WARNING * * *
You barely miss the worker ant. Your punch misses the worker ant.
* * * LOW HITPOINT WARNING * * *
You feel sick.
The worker ant bites you but does no damage.
You barely miss the worker ant.
* * * LOW HITPOINT WARNING * * *
You feel sick. The worker ant closely misses you.
You hit the worker ant but do no damage.
* * * LOW HITPOINT WARNING * * *
You feel sick. The worker ant bites you.
You die...

########
#......#
#......##
#.a.....#
######@......#
#......#.###.[
#..$.$.#(#
#......#.####
#..$?.........
#........#####
#........#
#........#
#........#


You could see a worker ant.

Vanquished Creatures
  A crimson imp (D:3)
  Natasha (twice) (D:1)
  A worker ant (D:3)
  4 adders
  A worm (D:3)
  A leopard gecko (D:2)
  An orc (D:3)
  2 ball pythons (D:2)
  2 bats
  2 giant cockroaches
  5 goblins
  4 hobgoblins
  7 jackals
  8 kobolds
  A quokka (D:2)
  3 frilled lizards (D:1)
  3 rats
48 creatures vanquished.

Vanquished Creatures (collateral kills)
  Natasha (D:1)
1 creature vanquished.

Grand Total: 49 creatures vanquished

Notes
Turn   | Place    | Note
-------+----------+-------------------------------------------
     0 | D:1      | Jynxie the Demigod Transmuter began the quest for the Orb.
     0 | D:1      | Reached XP level 1. HP: 15/15 MP: 5/5
    26 | D:1      | Reached skill level 1 in Fighting
   737 | D:1      | Reached skill level 3 in Unarmed Combat
   752 | D:1      | Reached XP level 2. HP: 16/23 MP: 5/7
  1182 | D:1      | Learned a level 2 spell: Sticks to Snakes
  1532 | D:2      | Found a bloodstained altar of Trog.
  1601 | D:2      | Noticed Natasha
  1618 | D:1      | Reached XP level 3. HP: 28/28 MP: 8/8
  1636 | D:1      | Killed Natasha
  1931 | D:1      | Noticed Natasha
  1944 | D:1      | Killed Natasha
  2155 | D:1      | Noticed Natasha
  2162 | D:1      | Killed Natasha
  2982 | D:2      | Reached XP level 4. HP: 32/36 MP: 9/9
  2987 | D:2      | Learned a level 3 spell: Spider Form
  3594 | D:3      | Reached skill level 4 in Unarmed Combat
  3898 | D:3      | Found a shattered altar of Ashenzari.
  3969 | D:3      | Found a blossoming altar of Fedhas.
  3982 | D:3      | Noticed an oklob plant
  4408 | D:3      | Found a burning altar of Makhleb.
  4411 | D:3      | Found a shimmering altar of Xom.
  4420 | D:3      | Reached XP level 5. HP: 42/42 MP: 7/10
  4680 | D:4      | Slain by a worker ant

Vault maps used:
D:1:      dpeg_arrival_tiny_k
D:2:      lemuel_upstairs_altar, lemuel_crystal_altar, uniq_jessica,
          uniq_natasha
D:3:      grunt_temple_overflow_champion_of_chaos, old_standard_altar,
          tgw_fedhas, first_ration, minivault_14
D:4:      uniq_blork_the_orc

Skill      XL: |  1  2  3  4  5 |
---------------+----------------+-----
Fighting       | 1 2 |  2.4
Unarmed Combat | 3 4 |  4.4
Transmutations | 2 3 |  3.0
Dodging        | |  1.7
Spellcasting   | |  1.7

Action                   |  1- 3 |  4- 6 || total
-------------------------+-------+-------++-------
Melee: Unarmed           |   117 |   110 ||   227
       Headbutt          |    10 |     2 ||    12
       Punch             |     4 |     1 ||     5
       Kick              |     1 |     2 ||     3
 Cast: Beastly Appendage |    13 |     3 ||    16
       Sticks to Snakes  |    10 |       ||    10
       Spider Form       |       |     5 ||     5
  Use: Potion            |     1 |       ||     1
       Scroll            |       |     1 ||     1
 Stab: Sleeping          |     1 |     1 ||     2
       Distracted        |     1 |       ||     1
       Invisible         |       |     1 ||     1
  Eat: Chunk             |     4 |     6 ||    10
       Ration            |     1 |       ||     1
Armor: Leather armour    |    22 |    15 ||    37
       Robe              |     1 |       ||     1
       Skin              |       |     2 ||     2
Dodge: Dodged            |    86 |    76 ||   162

Table legend:
 A = Spawn XP
 B = Non-spawn XP
 C = Spawn XP percentage of total XP
 D = Spawn monster count
 E = Non-spawn monster count
 F = Spawn count percentage of total count
 G = Total turns spent on level
                    A         B        C        D         E        F      G
               +---------+---------+-------+---------+---------+-------+---------
         Total |       0 |     268 |   0.0 |       0 |      49 |   0.0 |  4680
               +---------+---------+-------+---------+---------+-------+---------
           D:1 |       0 |      99 |   0.0 |       0 |      24 |   0.0 |  2781
           D:2 |       0 |      30 |   0.0 |       0 |      11 |   0.0 |   468
           D:3 |       0 |     126 |   0.0 |       0 |      12 |   0.0 |  1369
           D:4 |       0 |      13 |   0.0 |       0 |       2 |   0.0 |    62
               +---------+---------+-------+---------+---------+-------+---------
